 Dungeon Crawl Stone Soup version 0.27-a0-819-g058290f16d (webtiles) character file.

Game seed: 8864254178278962867

42 Charly the Sneak (level 3, 0/30 HPs)
             Began as a Djinni Delver on Mar 29, 2021.
             Slain by a hound (2 damage)
             ... on level 5 of the Dungeon.
             The game lasted 00:12:18 (995 turns).

Charly the Sneak (Djinni Delver)                     Turns: 995, Time: 00:12:19

Health: 0/30       AC:  3    Str: 12    XL:     3   Next: 54%
Gold:   35         EV: 12    Int: 11    God:
                   SH:  0    Dex: 14

rFire    + + .     SeeInvis .     - Unarmed
rCold    x . .     Faith    .   (no shield)
rNeg     . . .     Spirit   .   i - +0 leather armour
rPois    ∞         Reflect  .   (no helmet)
rElec    .         Harm     .   (no cloak)
rCorr    .         Rampage  .   (no gloves)
Will     .....                  (boots unavailable)
Stlth    ++........             (no amulet)
HPRegen  0.10/turn              (no ring)
MPRegen  0.00/turn              (no ring)

@: mighty, attractive, flying
A: fire resistance 2, cold vulnerability 1, float, innate caster, hp casting,
extra vitality 1
a: no special abilities


You were on level 5 of the Dungeon.
You visited 2 branches of the dungeon, and saw 3 of its levels.

You collected 35 gold pieces.

Inventory:

Hand Weapons
 a - a +0 flail
Missiles
 h - 10 stones (quivered)
Armour
 i - a +0 leather armour (worn)
Wands
 f - a wand of digging (3)
Scrolls
 b - a scroll of fog


   Skills:
 + Level 3.5 Fighting
 - Level 2.1 Dodging
 - Level 4.1 Stealth
 * Level 3.3 Unarmed Combat


You had one spell level left.
You knew the following spells:

 Your Spells              Type           Power      Damage    Failure   Level
c - Corona                Hex            0%         N/A       41%         1
Your spell library was empty.

Dungeon Overview and Level Annotations

Branches:
Dungeon (5/15)             Temple (1/1) D:5

Altars:
Elyvilon
Fedhas
Gozag
Kikubaaqudgha
Makhleb
Okawaru
Trog
Uskayaw
The Shining One

Annotations:
D:5 Edmund


Innate Abilities, Weirdness & Mutations

You are immune to poison.
Your flesh is very heat resistant. (rF++)
You are vulnerable to cold. (rC-)
You float through the air rather than walking.
You learn spells naturally, not from books.
Your magical power is your life essence.
You have superior vitality. (+4 HP)


Message History

The hound is heavily wounded.
The hound completely misses you. The hound misses you.
You miss the hound.
The hound is heavily wounded.
The hound misses you.
You completely miss the hound.
The hound is heavily wounded.
The hound barely misses you.
You closely miss the hound.
The hound is heavily wounded.
The hound bites you. The hound closely misses you.
You hit the hound but do no damage.
The hound is heavily wounded.
The hound barely misses you.
You closely miss the hound.
The hound is heavily wounded.
The hound barely misses you. x2
You closely miss the hound.
The hound is heavily wounded.
The hound closely misses you.
You hit the hound.
The hound is heavily wounded.
The hound bites you.
* * * LOW HITPOINT WARNING * * *
The hound barely misses you.
You hit the hound but do no damage.
The hound is heavily wounded.
The hound bites you.
* * * LOW HITPOINT WARNING * * *
You hit the hound.
The hound is severely wounded.
The hound bites you.
* * * LOW HITPOINT WARNING * * *
It was a potion of attraction.
You feel attractive to monsters. The hound barely misses you.
The hound closely misses you.
It was a potion of might.
You feel very mighty all of a sudden. The hound bites you.
You die...

#.........#
######.........#
#<...'.........#
########.........######
#...........#.####>....
##.###..###.#.####(####
*,*∩#...##.#...##...##
*,*,#...##.....##.#.##
*,,,#@...#...#......##
**#...h..#.#.##.#.####
***###..#.#.#........,.
*,,,,...#.#.#....######
***,*...#.#,#.#### ####
*,.....,*,#.* #...
*,###.#**,#,* #...
*,,,,..,*+*,* #...
****,,,,,,,,* #...


You could see a hound.

Vanquished Creatures
  A centaur skeleton (D:5)
  7 orcs (D:5)
8 creatures vanquished.

Notes
Turn   | Place    | Note
-------+----------+-------------------------------------------
     0 | D:5      | Charly the Djinni Delver began the quest for the Orb.
     0 | D:5      | Reached XP level 1. HP: 20/20 MP: 0/0
   229 | D:5      | HP: 1/20 [orc/+0 club (3)]
   232 | D:5      | Reached XP level 2. HP: 2/25 MP: 0/0
   436 | D:5      | Noticed a scorpion
   449 | D:5      | HP: 1/25 [orc/+0 dagger (4)]
   687 | D:5      | Found a staircase to the Ecumenical Temple.
   701 | Temple   | Entered the Ecumenical Temple
   865 | D:5      | Reached XP level 3. HP: 18/30 MP: 0/0
   865 | D:5      | Learned a level 1 spell: Corona
   872 | D:5      | Noticed Edmund
   995 | D:5      | Slain by a hound

Illustrated notes

Levels and vault maps discovered:
D:4:      layout_rooms, general_overflow_altar,
          nicolae_ru_great_annihilating_truth, kennysheep_generic_room_8
D:5:      layout_basic, minmay_temple_entry_drinking_statues, serial_shops,
          shop, cheibrodos_sewer_entry_bend, minivault_14, uniq_edmund
Temple:   compressed_dpeg_triangle_lava_temple

Skill      XL: |  1  2 |
---------------+-------+-----
Unarmed Combat | 3 |  3.3
Fighting       | |  3.5
Dodging        | |  2.1
Stealth        | |  4.1

Action                   || total
-------------------------++-------
Melee: Unarmed           ||    73
       Flail             ||     1
       Punch             ||     1
Throw: Stone             ||     9
  Use: Scroll            ||     2
       Potion            ||     3
 Stab: Distracted        ||     1
Armor: Leather armour    ||    13
Dodge: Dodged            ||    55

Table legend: (Time is in decaauts)
 A = Elapsed time spent in this place.
 B = Non-inter-level travel time spent in this place.
 C = Inter-level travel time spent in this place.
 D = Time resting spent in this place.
 E = Time spent auto-exploring this place.
 F = Levels seen in this place.
 G = Mean time per level.
                   A        B        C        D        E       F      G
               +--------+--------+--------+--------+--------+-----+--------+
         Total |   1103 |   1103 |      0 |      0 |      0 |   3 |  367.7 |
       Dungeon |    911 |    911 |      0 |      0 |      0 |   2 |  455.5 |
        Temple |    191 |    191 |      0 |      0 |      0 |   1 |  191.0 |
               +--------+--------+--------+--------+--------+-----+--------+

Top non-repeatable levels by time:
     D:5: 907 daAuts
  Temple: 191 daAuts
     D:4: 4 daAuts
